 Dungeon Crawl Stone Soup version 0.18.1-50-g88ac8fd (webtiles) character file.

28069 Lovchig the Blocker (level 13, -17/121 HPs)
             Began as a Deep Dwarf Fighter on Sept 14, 2016.
             Was a High Priest of the Shining One.
             Demolished by a white ugly thing (26 damage)
             ... on level 14 of the Dungeon.
             The game lasted 00:54:49 (9564 turns).

Lovchig the Blocker (Deep Dwarf Fighter)            Turns: 9564, Time: 00:54:50

Health: -17/121    AC: 26    Str: 25    XL:     13   Next: 7%
Magic:  1/1        EV:  8    Int:  9    God:    the Shining One [*****.]
Gold:   883        SH: 18    Dex: 12    Spells: 0 memorised, 12 levels left

rFire  . . .     SeeInvis .     a - +0 war axe
rCold  . . .     Gourm    .     w - +3 crystal plate armour
rNeg   + + .     Faith    .     c - +0 shield
rPois  .         Spirit   .     (no helmet)
rElec  .         Dismiss  .     o - +0 cloak
rCorr  .         Reflect  +     q - +0 pair of gloves
SustAt +         Harm     .     (no boots)
MR     +++..                    h - +4 amulet of reflection
Stlth  ..........               m - ring of protection from magic
                                l - ring of sustain attributes

@: non-regenerating, glowing, studying 2 skills, extremely resistant to hostile
enchantments, extremely unstealthy
A: damage resistance, recharge devices, blurry vision 1, magic resistance 1,
mutation resistance 1, sense surroundings 3, slow regeneration 3, subdued magic
1
a: Device Recharging, Divine Shield, Cleansing Flame, Summon Divine Warrior,
Renounce Religion


You were on level 14 of the Dungeon.
You worshipped the Shining One.
The Shining One was extremely pleased with you.
You were not hungry.

You visited 2 branches of the dungeon, and saw 15 of its levels.
You also visited: Bailey.

You collected 883 gold pieces.

Inventory:

Hand Weapons
 a - a +0 war axe (weapon)
Armour
 c - a +0 shield (worn)
 o - a +0 cloak (worn)
 q - a +0 pair of gloves (worn)
 w - a +3 crystal plate armour (worn)
Jewellery
 h - a +4 amulet of reflection (around neck)
 l - a ring of sustain attributes (left hand)
 m - a ring of protection from magic (right hand)
Wands
 b - a wand of flame (21/48)
 e - a wand of heal wounds (0/9)
 s - a wand of enslavement (2/24)
 u - a wand of flame (9/48)
 z - a wand of lightning (7/15)
 A - a wand of lightning (8/15)
 C - a wand of iceblast (5/15)
 K - a wand of acid (8/15)
Scrolls
 g - 2 scrolls of magic mapping
 p - 3 scrolls of remove curse
 v - a scroll of teleportation
 x - 7 scrolls of identify
 y - 2 scrolls of amnesia
 F - 3 scrolls of fog
Potions
 d - 2 potions of might
 j - 3 potions of curing
 k - a potion of magic
 n - a potion of agility
 r - 3 potions of lignification
 G - a potion of flight
Books
 M - a manual of Shields
 N - a manual of Armour
Miscellaneous
 D - an ornate deck of changes {the Curse}
 L - a legendary deck of wonders {drawn: 1}
Comestibles
 f - 3 bread rations
 i - 10 royal jellies
 t - 8 meat rations
 B - 2 slices of pizza
 E - a beef jerky


   Skills:
 * Level 9.2 Fighting
 * Level 11.7 Axes
 * Level 10.7 Armour
 * Level 8.7 Dodging
 * Level 14.7 Shields
 + Level 4.0 Evocations


You had 12 spell levels left.
You didn't know any spells.

Dungeon Overview and Level Annotations

Branches:
Dungeon (14/15)            Temple (1/1) D:6            Lair (0/8) D:9
    Orc (0/2) D:9
 Vaults: D:13-14

Altars:
Ashenzari
Cheibriados
Dithmenos
Elyvilon
Fedhas
Gozag
Kikubaaqudgha
Makhleb
Nemelex Xobeh
Okawaru
Pakellas
Qazlal
Ru
Sif Muna
Trog
Vehumet
Xom
Yredelemnul
Zin
The Shining One

Shops:
D:6 }


Innate Abilities, Weirdness & Mutations

You are resistant to damage.
You can recharge devices by infusing magical energy.
You passively map a large area around you.
You do not regenerate naturally.
Scrolls take you a little longer to read.
You are resistant to hostile enchantments.
You are somewhat resistant to further mutation.
Your spells are a little easier to cast, but a little less powerful.


Message History

Drink which item? (? for menu, Esc to quit)
You feel better. The white ugly thing kicks you!
* * * LOW HITPOINT WARNING * * *
The white ugly thing freezes you!!
* * * LOW HITPOINT WARNING * * *
You hit the white ugly thing.
The white ugly thing is lightly wounded.
The white ugly thing kicks you but does no damage.
You hit the white ugly thing but do no damage.
The white ugly thing is lightly wounded.
The white ugly thing kicks you but does no damage.
You slash the white ugly thing!
The white ugly thing is moderately wounded.
The white ugly thing kicks you but does no damage.
You slash the white ugly thing!
The white ugly thing is heavily wounded.
The white ugly thing kicks you.
* * * LOW HITPOINT WARNING * * *
The white ugly thing freezes you!!
You die...

,
.........<.........
, ,>, ,
...###.##.........#
* * *
,....##............*
.....###.......##,
,.......+..)....# *
* .......#.......#*
** ,,
u.....u........#* *
........uu.###.# ,
........#...##@#* *
,* ,........#.#.##u#
, ..............u#*
, ......###.##.### *
,....#. #.##.# *
....#+ #.##.. ** ..,
#.###+#* , * , *#.**
, * *,* *,, ** , ,*


You could see 2 ugly things.

Vanquished Creatures
  3 hydras
  Erolcha (D:9)
  A centaur warrior (D:13)
  A death yak (D:9)
  Urug (D:10)
  The ghost of Lovchig the Blocker, a novice MiFi of Nemelex Xobeh (D:8)
  A wizard (D:14)
  5 hill giants
  Pikel (D:4)
  3 cyclopes (D:12)
  7 ugly things
  A centaur zombie (D:12)
  2 komodo dragons
  A kobold demonologist (D:11)
  8 trolls
  A two-headed ogre (D:13)
  4 yaks
  A shadow (D:13)
  4 wyverns
  2 hungry ghosts
  Menkaure (D:5)
  3 hippogriffs
  A water moccasin (D:8)
  18 orc warriors
  2 slaves (D:4)
  2 phantoms
  3 black bears
  2 ice beasts (D:9)
  4 sky beasts
  7 ogres
  An eye of draining (D:9)
  10 centaurs
  3 necrophages
  A crocodile (D:9)
  3 big kobolds
  A wyvern zombie (D:13)
  2 giant frogs
  A wyvern skeleton (D:8)
  A water moccasin zombie (D:6)
  7 scorpions
  17 killer bees
  10 wights
  9 crimson imps
  A wasp zombie (D:10)
  8 howler monkeys
  4 giant frog zombies (D:13)
  2 quasits
  5 jellies
  A giant frog skeleton (D:8)
  8 orc priests
  3 centaur skeletons
  6 hounds
  16 orc wizards
  Terence (D:3)
  2 iguanas
  Natasha (thrice) (D:4)
  7 worker ants
  6 sheep
  2 worker ant zombies
  12 adders
  5 shadow imps
  5 oozes (D:9)
  3 adder skeletons
  3 worms (D:2)
  8 giant geckos
  73 orcs
  3 giant cockroaches
  10 goblins
  9 hobgoblins
  4 jackals
  7 quokkas
  9 bats
  7 giant newts
  A jackal zombie (D:6)
  17 kobolds
  A quokka skeleton (D:4)
  A quokka zombie (D:9)
  6 rats
417 creatures vanquished.

Vanquished Creatures (others)
  A centaur warrior (D:13)
  Sonja (D:10)
  4 centaurs
  An orc (Bailey)
7 creatures vanquished.

Grand Total: 424 creatures vanquished

Notes
Turn   | Place    | Note
--------------------------------------------------------------
     0 | D:1      | Lovchig the Deep Dwarf Fighter began the quest for the Orb.
     0 | D:1      | Reached XP level 1. HP: 20/20 MP: 1/1
   479 | D:2      | Reached XP level 2. HP: 25/27 MP: 2/2
   634 | D:2      | Reached XP level 3. HP: 26/34 MP: 3/3
   688 | D:2      | Reached skill level 1 in Dodging
   803 | D:2      | Reached XP level 4. HP: 16/42 MP: 4/4
  1001 | D:3      | Reached skill level 4 in Shields
  1061 | D:3      | Noticed Terence
  1071 | D:3      | Killed Terence
  1186 | D:3      | Reached XP level 5. HP: 28/49 MP: 5/5
  1499 | D:4      | Noticed Natasha
  1507 | D:4      | Killed Natasha
  1567 | D:4      | Noticed a slave
  1568 | D:4      | Noticed a slave
  1569 | D:4      | Noticed Pikel
  1570 | D:4      | Noticed a slave
  1571 | D:4      | Noticed a slave
  1591 | D:4      | Killed a slave
  1602 | D:4      | Noticed Natasha
  1602 | D:4      | Killed a slave
  1603 | D:4      | Killed Pikel
  1603 | D:4      | Reached skill level 5 in Armour
  1603 | D:4      | Reached skill level 5 in Shields
  1603 | D:4      | Reached skill level 1 in Evocations
  1603 | D:4      | Reached XP level 6. HP: 6/57 MP: 6/6
  1603 | D:4      | Reached XP level 7. HP: 6/64 MP: 7/7
  1607 | D:4      | Killed Natasha
  1616 | D:4      | Noticed Natasha
  1623 | D:4      | Killed Natasha
  1687 | D:4      | Reached skill level 6 in Shields
  1926 | D:5      | Entered Level 5 of the Dungeon
  1926 | D:5      | Noticed Menkaure
  1956 | D:5      | Killed Menkaure
  1956 | D:5      | Reached XP level 8. HP: 19/73 MP: 8/8
  2153 | D:5      | Reached skill level 7 in Shields
  2385 | D:6      | Reached skill level 5 in Axes
  2533 | D:6      | Reached skill level 5 in Fighting
  2544 | D:6      | Gained mutation: You have supernaturally acute eyesight. [mutagenic meat]
  2569 | D:6      | Reached skill level 8 in Shields
  2635 | D:6      | Reached skill level 5 in Dodging
  2635 | D:6      | Gained mutation: You passively map the area around you. [Deep Dwarf growth]
  2635 | D:6      | Reached XP level 9. HP: 33/81 MP: 9/9
  2690 | D:6      | Found Ruydoep's Gadget Shop.
  2735 | D:6      | Found a staircase to the Ecumenical Temple.
  2752 | Temple   | Entered the Ecumenical Temple
  2815 | Temple   | Became a worshipper of the Shining One
  2965 | D:7      | Found an oddly glowing altar of Pakellas.
  3265 | D:7      | Reached skill level 9 in Shields
  3580 | D:7      | Reached * piety under the Shining One
  3928 | D:8      | Gained mutation: Your spells are a little easier to cast, but a little less powerful. [mutagenic meat]
  3929 | D:8      | Gained mutation: Your movements are slightly less encumbered by armour (ER -2). [mutagenic meat]
  3930 | D:8      | Gained mutation: You expend magic power (3 MP) to strengthen your wands. [mutagenic meat]
  3931 | D:8      | Gained mutation: You passively map a large area around you. [mutagenic meat]
  3932 | D:8      | Gained mutation: You evolve. [mutagenic meat]
  3933 | D:8      | Gained mutation: You are clumsy. (Dex -2) [mutagenic meat]
  3934 | D:8      | Lost mutation: Your spells are a little easier to cast, but a little less powerful. [potion of cure mutation]
  3934 | D:8      | Lost mutation: Your movements are slightly less encumbered by armour (ER -2). [potion of cure mutation]
  3934 | D:8      | Lost mutation: You are clumsy. (Dex -2) [potion of cure mutation]
  3934 | D:8      | Lost mutation: You expend magic power (3 MP) to strengthen your wands. [potion of cure mutation]
  3934 | D:8      | Lost mutation: You evolve. [potion of cure mutation]
  3934 | D:8      | Lost mutation: You passively map a large area around you. [potion of cure mutation]
  3934 | D:8      | Lost mutation: You have supernaturally acute eyesight. [potion of cure mutation]
  3960 | D:8      | Noticed Lovchig's ghost (novice MiFi)
  3995 | D:8      | Killed Lovchig's ghost
  3995 | D:8      | Reached XP level 10. HP: 28/91 MP: 8/8
  4081 | D:8      | Reached skill level 10 in Shields
  4163 | D:8      | Found an ancient bone altar of Kikubaaqudgha.
  4325 | D:8      | Gained mutation: You passively map a large area around you. [mutagenic meat]
  4326 | D:8      | Gained mutation: You are resistant to hostile enchantments. [mutagenic meat]
  4327 | D:8      | Gained mutation: You are somewhat resistant to further mutation. [mutagenic meat]
  4330 | D:8      | Gained mutation: Scrolls take you a little longer to read. [mutagenic meat]
  4357 | D:8      | Reached ** piety under the Shining One
  4865 | D:9      | Noticed Erolcha
  4890 | D:9      | Killed Erolcha
  4972 | D:9      | Found a staircase to the Orcish Mines.
  5042 | D:9      | Found a staircase to the Lair.
  5047 | D:9      | Noticed a death yak
  5048 | D:9      | Reached *** piety under the Shining One
  5074 | D:9      | Killed a death yak
  5074 | D:9      | Reached XP level 11. HP: 44/100 MP: 9/9
  5079 | D:9      | Reached skill level 11 in Shields
  5369 | D:10     | Entered Level 10 of the Dungeon
  5369 | D:10     | Noticed Sonja
  5381 | D:10     | HP: 3/100 [poisoned by Sonja (curare-tipped needle)]
  5384 | D:10     | Killed Sonja
  5388 | D:10     | Noticed Urug
  5396 | D:10     | HP: 5/100 [Urug/great mace (8)]
  5402 | D:10     | Killed Urug
  6356 | D:11     | Noticed a six-headed hydra
  6370 | D:11     | Killed a six-headed hydra
  6548 | D:11     | Noticed a hill giant
  6564 | D:11     | Killed a hill giant
  6764 | D:11     | Reached skill level 10 in Axes
  6834 | D:11     | Found a blossoming altar of Fedhas.
  6853 | D:11     | Reached **** piety under the Shining One
  6858 | D:11     | Reached skill level 12 in Shields
  6901 | D:11     | Noticed a four-headed hydra
  6916 | D:11     | Killed a four-headed hydra
  7377 | D:12     | Reached XP level 12. HP: 99/112 MP: 2/2
  7465 | D:12     | Found a flagged portal.
  7502 | Bailey   | Entered a bailey
  8222 | D:12     | HP: 4/112 [red ugly thing (20)]
  8228 | D:12     | Drew Focus: Str increased to 25, Int decreased to 9
  8269 | D:12     | Gained mutation: Your spells are a little easier to cast, but a little less powerful. [mutagenic meat]
  8560 | D:12     | Reached skill level 13 in Shields
  9015 | D:13     | Noticed a seven-headed hydra
  9028 | D:13     | Killed a seven-headed hydra
  9255 | D:13     | Noticed a centaur warrior
  9262 | D:13     | Noticed a centaur warrior
  9262 | D:13     | Killed a centaur warrior
  9262 | D:13     | Reached skill level 10 in Armour
  9274 | D:13     | Killed a centaur warrior
  9274 | D:13     | Reached skill level 14 in Shields
  9296 | D:13     | Reached ***** piety under the Shining One
  9525 | D:14     | Reached XP level 13. HP: 45/121 MP: 1/1
  9564 | D:14     | Demolished by a white ugly thing

Skill      XL: |  1  2  3  4  5  6  7  8  9 10 11 12 |
---------------+-------------------------------------+-----
Fighting       | 3 4 5 6 7 8 9 |  9.2
Dodging        | 1 3 5 6 7 8 |  8.7
Shields        | 4 5 6 8 9 10 12 14 | 14.7
Axes           | 3 4 5 7 9 10 11 | 11.7
Armour         | 5 6 7 8 10 | 10.7
Evocations     | 1 3 4 |  4.0

Action                   |  1- 3 |  4- 6 |  7- 9 | 10-12 | 13-15 || total
-------------------------+-------+-------+-------+-------+-------++-------
Melee: War axe           |    85 |   157 |   538 |   957 |    34 ||  1771
 Abil: Device Recharging |       |       |     3 |    12 |       ||    15
Evoke: Wand              |       |     2 |     9 |    81 |     1 ||    93
       Deck              |       |       |       |     1 |       ||     1
  Use: Scroll            |     8 |     4 |     5 |    12 |       ||    29
       Potion            |       |     2 |     4 |     3 |     4 ||    13
  Eat: Chunk             |       |     3 |    20 |    29 |       ||    52
       Bread ration      |       |       |       |     1 |       ||     1
Armor: Scale mail        |    41 |    23 |       |       |       ||    64
       Crystal plate arm |       |   145 |   350 |   506 |    13 ||  1014
Dodge: Dodged            |    29 |    29 |    76 |   191 |     4 ||   329
Block: Shield            |    72 |   138 |   490 |   997 |    20 ||  1717
       Reflection        |     2 |     1 |    13 |    46 |       ||    62
